 Seeded DCSS version 0.30-a0-347-gf58ed5266c (webtiles) character file.

Game seed: 5458574757588106603 (custom seed)

20534 purpskrrrp the Phalangite (level 12, 0/100 HPs)
             Began as a Merfolk Gladiator on Nov 6, 2022.
             Was a High Priest of Ru.
             Succumbed to a cane toad's poison
             ... on level 2 of the Lair of Beasts.
             The game lasted 00:30:12 (11110 turns).

purpskrrrp the Phalangite (Merfolk Gladiator)      Turns: 11110, Time: 00:30:13

Health: 0/100      AC: 27    Str: 20    XL:     12   Next: 80%
Magic:  8/12       EV: 16    Int:  7    God:    Ru [*****.]
Gold:   950        SH:  0    Dex: 18    Spells: 11/11 levels left

rFire   . . .      SeeInvis .    y - +1 glaive (vamp)
rCold   . . .      Faith    .    (shield currently unavailable)
rNeg    . . .      Spirit   .    D - +10 plate armour {ponderous}
rPois   .          Reflect  .    c - +0 helmet
rElec   .          Harm     .    t - +2 cloak
rCorr   .          Rampage  .    p - +0 pair of fencer's gloves {Riposte Dex+3}
Will    .....                    (no boots)
Stlth   ..........               (no amulet)
HPRegen 0.36/turn                r - +4 ring of evasion
MPRegen 0.13/turn                (no ring)

@: lethally poisoned (0 -> -24), exhausted, marked, unable to drink, slow
A: inability to drink after injury 2, inability to use devices, weak-willed 1,
(nimble swimmer 2), mertail
a: Renounce Religion, Draw Out Power, Power Leap, Apocalypse


You were on level 2 of the Lair of Beasts.
You worshipped Ru.
Ru was extremely pleased with you.
You visited 3 branches of the dungeon, and saw 12 of its levels.
You also visited: Bailey.

You collected 950 gold pieces.

Inventory:

Hand Weapons
 a - a +0 trident
 u - the +8 spear of the Pillar {vorpal, *Noise rElec rN+++}
   (You found it on level 2 of the Dungeon)

   It inflicts extra damage upon your enemies.
   rElec:     It insulates you from electricity.
   rN:        It renders you almost immune to negative energy.
   *Noise:    It may make noises in combat.
 y - a +1 vampiric glaive (weapon)
 E - a +1 vampiric halberd
Missiles
 d - 8 throwing nets (quivered)
 e - a javelin
Armour
 b - a +0 leather armour
 c - a +0 helmet (worn)
 p - the +0 pair of fencer's gloves (worn) {Riposte Dex+3}
   (You found it in a bailey)

   It allows the wearer to riposte with melee weapons, swiftly retaliating
   against missed or blocked melee attacks.
   Dex:       It affects your dexterity (+3).
 t - a +2 cloak (worn)
 A - a +1 kite shield
 D - a +10 plate armour of ponderousness (worn)
Jewellery
 r - a +4 ring of evasion (left hand)
Wands
 g - a wand of acid (8)
 x - a wand of roots (16)
Scrolls
 i - 2 scrolls of amnesia
 F - 2 scrolls of enchant armour
 H - a scroll of enchant weapon {unknown}
 I - 4 scrolls of identify
 J - a scroll of silence {unknown}
Potions
 f - 2 potions of cancellation
 h - 7 potions of heal wounds {unknown}
 j - 2 potions of curing {unknown}
 k - 3 potions of brilliance {unknown}
 l - 2 potions of attraction
 n - 2 potions of haste {unknown}
 o - a potion of resistance {unknown}
 q - 3 potions of magic
 s - 3 potions of degeneration {unknown}
 v - 2 potions of flight {unknown}
 w - 2 potions of mutation {unknown}
 z - 5 potions of lignification {unknown}
 B - a potion of might {unknown}
Miscellaneous
 m - a box of beasts
 C - a phantom mirror


   Skills:
 + Level 11.2 Fighting
 * Level 21.3 Polearms
 - Level 2.0 Throwing
 + Level 4.7 Armour
 + Level 13.5 Dodging
 - Level 1.1 Shields


You had 11 spell levels left.
You didn't know any spells.
Your spell library contained the following spells:

 Spells                   Type           Power      Damage    Failure   Level
 Apportation              Tloc           0%         N/A       100%        1
 Kiss of Death            Conj/Necr      0%         2d5       100%        1
 Magic Dart               Conj           0%         1d3       100%        1
 Necrotise                Necr           0%         1d4       100%        1
 Searing Ray              Conj           0%         2d4       100%        2
 Static Discharge         Conj/Air       0%         2-2/arc   100%        2
 Call Canine Familiar     Summ           0%         N/A       100%        3
 Confusing Touch          Hex            0%         N/A       100%        3
 Portal Projectile        Hex/Tloc       0%         N/A       100%        3
 Vampiric Draining        Necr           0%         2d6       100%        3
 Vhi's Electric Charge    Tloc/Air       0%         N/A       100%        3
 Dispel Undead            Necr           0%         3d6       100%        4
 Fulminant Prism          Conj/Hex       0%         3d5       100%        4
 Leda's Liquefaction      Hex/Erth       0%         N/A       100%        4
 Agony                    Necr           0%         N/A       100%        5
 Alistair's Intoxication  Tmut/Pois      0%         N/A       100%        5
 Arcjolt                  Conj/Air       0%         1d10      100%        5
 Lightning Bolt           Conj/Air       0%         1d11      100%        5


Dungeon Overview and Level Annotations

Branches:
Dungeon (8/15)             Temple (1/1) D:7            Lair (3/5) D:8
  Swamp (0/4) Lair:2       Bailey (visited)
  Snake: Lair:2-3    Spider: Lair:2-3

Altars:
Ashenzari
Dithmenos
Elyvilon
Fedhas
Gozag
Hepliaklqana
Makhleb
Nemelex Xobeh
Okawaru
Qazlal
Ru
Sif Muna
Trog
Uskayaw
Vehumet
Wu Jian
Xom
Yredelemnul
Zin

Shops:
D:6 ?(:!   D:7 [


Innate Abilities, Weirdness & Mutations

You sometimes lose the ability to drink potions when taking damage.
You cannot study or use magical devices.
You are slightly weak-willed. (Will-)
((You are very nimble when in or above water. (Stealth+, EV+, Speed+++)))
Your lower body shifts to a powerful aquatic tail in water.


Message History

The bullfrog is stunned by your conviction and fails to attack.
The yak misses you. x2; You riposte.
You barely miss the yak.
The water moccasin bites the plant!
The black mamba completely misses you.
The water moccasin bites the plant.
The plant is poisoned.
The water moccasin poisons the plant!
The bullfrog barely misses you.
You climb upwards.
You feel yourself speed up.
You can drink potions again.
You feel very sick.
There is a stone staircase leading down here.
Okay, then.
Blink to where?
Press: ? - help, Dir - move target
As you read the scroll of blinking, it crumbles to dust.
You feel sick.
You are too injured to fight recklessly!
You are too injured to fight recklessly!
You are too injured to fight recklessly!
You are too injured to fight recklessly!
You are too injured to fight recklessly!
You feel sick.
Okay, then.
Reach: y) +1 glaive (vamp)
Press: ? - help, Dir - move target, f - black mamba
Aim: a black mamba (almost dead, about 42% to evade your +1 vampiric glaive)
The plant is in the way.
You slice the plant!!
The plant begins to die.
The plant is lightly damaged.
You feel sick.
You feel sick.
The water moccasin attacks as you move away!
The water moccasin closely misses you.
You riposte.
You miss the water moccasin.
You feel sick. The cane toad stings you.
* * * LOW HITPOINT WARNING * * *
You are lethally poisoned!
The cane toad poisons you! The cane toad attacks as you move away!
The cane toad stings you!
You feel threatened and lose the ability to drink potions!
* * * LOW HITPOINT WARNING * * *
You focus your inner power and slow the cane toad in retribution!
You die...

.......## ##..# #..# #...
........# #...#######..## #...
......P## #............P####...
......## ##>..........###.#...
......########....)......#P......
.................................
.......................♣♣♣♣♣♣♣..♣
..........#/#.FS.......♣≈≈~~~~...
...........#.S..@......♣≈≈~≈~~~~♣
....).....##P.F.......♣♣≈~≈~~≈†♣♣
......Y................♣♣≈~~≈...♣
......Y.................♣♣♣♣...♣♣
..........###..........♣♣§§§..♣♣♣
..........# #..#####.♣♣♣♣§§♣♣♣♣~~
.........## #..# ### ♣♣.§♣♣♣~≈~
..........###..## ### ♣..♣♣♣§§§♣
.........###....###.##♣♣..≈§§§.§§


You could see a black mamba, a cane toad (slow), a water moccasin and a
bullfrog.

Vanquished Creatures
  2 hydras (Lair:2)
  A boulder beetle (Lair:1)
  6 death yaks (Lair:2)
  Nergalle (Lair:2)
  Pikel (D:5)
  5 elephants
  5 cane toads
  Joseph (D:8)
  A gargoyle (Bailey)
  4 black mambas
  2 rime drakes
  2 komodo dragons (Lair:2)
  A hornet (D:8)
  A shadow (D:5)
  A vampire (Bailey)
  6 yaks (Lair:3)
  3 wyverns
  Eustachio (D:6)
  2 basilisks
  2 swamp worms (Lair:2)
  8 water moccasins
  An orc warrior (D:8)
  6 black bears
  An ice beast (D:6)
  2 centaurs
  2 ogres
  10 wolves
  A phantom (D:4)
  A lemure (D:5)
  8 kobold brigands
  Blork the orc (D:6)
  5 bullfrogs
  A gnoll sergeant (D:8)
  2 necrophages
  A scorpion (D:5)
  5 killer bees (D:7)
  6 wolf zombies (Bailey)
  2 howler monkeys
  9 vampire bats (Bailey)
  3 hounds
  2 jellies (D:4)
  4 orc priests
  An iguana (D:5)
  6 orc wizards
  11 gnolls
  8 adders
  A shadow imp (D:5)
  A white imp (D:6)
  4 ufetubi
  14 orcs
  4 bats
  4 endoplasms
  3 giant cockroaches
  11 goblins
  6 hobgoblins
  14 jackals
  46 kobolds
  10 quokkas
  10 ball pythons
  3 frilled lizards
  24 orc zombies (Bailey)
  4 rats
314 creatures vanquished.

Vanquished Creatures (others)
  A black mamba (Lair:3)
  4 fungi
  6 plants
11 creatures vanquished.

Grand Total: 325 creatures vanquished

Notes
Turn   | Place    | Note
-------+----------+-------------------------------------------
     0 | D:1      | purpskrrrp the Merfolk Gladiator began the quest for the
                  | Orb.
     0 | D:1      | Reached XP level 1. HP: 16/16 MP: 1/1
   101 | D:1      | Reached XP level 2. HP: 23/23 MP: 2/2
   448 | D:1      | Reached XP level 3. HP: 28/28 MP: 3/3
   494 | D:1      | Reached skill level 5 in Polearms
   790 | D:2      | Found a shimmering altar of Xom.
  1044 | D:2      | Reached XP level 4. HP: 34/34 MP: 4/4
  1086 | D:2      | Identified the +8 spear of the Pillar {vorpal, *Noise rElec
                  | rN+++}
  1749 | D:3      | Reached skill level 6 in Polearms
  1796 | D:3      | Noticed a black bear
  1802 | D:3      | Killed a black bear
  1803 | D:3      | Reached skill level 7 in Polearms
  1803 | D:3      | Reached skill level 5 in Dodging
  1803 | D:3      | Reached XP level 5. HP: 41/41 MP: 5/5
  2115 | D:3      | Found a burning altar of Makhleb.
  2563 | D:3      | Identified a scroll of acquirement
  2563 | D:3      | Acquired 519 gold pieces
  2629 | D:4      | Reached skill level 8 in Polearms
  2629 | D:4      | Reached XP level 6. HP: 41/48 MP: 6/6
  2838 | D:4      | Noticed a black bear
  2843 | D:4      | Killed a black bear
  2844 | D:4      | Reached skill level 9 in Polearms
  3164 | D:4      | Found a glowing silver altar of Zin.
  3325 | D:4      | Reached XP level 7. HP: 55/55 MP: 7/7
  3409 | D:4      | Reached skill level 10 in Polearms
  3706 | D:5      | Entered Level 5 of the Dungeon
  3837 | D:5      | Found a radiant altar of Vehumet.
  3837 | D:5      | Found a sacrificial altar of Ru.
  3837 | D:5      | Found a bloodstained altar of Trog.
  3948 | D:5      | Noticed a shadow
  3964 | D:5      | Killed a shadow
  3965 | D:5      | Reached skill level 5 in Fighting
  3965 | D:5      | Reached skill level 11 in Polearms
  4022 | D:5      | Reached XP level 8. HP: 62/62 MP: 8/8
  4116 | D:5      | Noticed Pikel
  4123 | D:5      | Killed Pikel
  4124 | D:5      | Reached skill level 13 in Polearms
  4325 | D:5      | Reached skill level 14 in Polearms
  4510 | D:5      | Became a worshipper of Ru the Awakened
  4561 | D:6      | Reached XP level 9. HP: 71/71 MP: 9/9
  4586 | D:6      | Found Fekhlupecw's Weapon Emporium.
  4693 | D:6      | Reached skill level 15 in Polearms
  4858 | D:6      | Noticed Eustachio
  4869 | D:6      | Killed Eustachio
  4923 | D:6      | Found Tuilesoxi's Distillery.
  4929 | D:6      | Identified the +0 chain mail of Utuelysa {Str+3}
  5178 | D:6      | Noticed Blork the orc
  5186 | D:6      | Killed Blork the orc
  5211 | D:6      | Found Kus Inu's Book Emporium.
  5322 | D:6      | Found Vumm's Magic Scroll Shop.
  5339 | D:6      | Found a shimmering blue altar of Sif Muna.
  5347 | D:6      | Reached skill level 16 in Polearms
  5453 | D:7      | Found a sparkling altar of Nemelex Xobeh.
  6065 | D:7      | Reached skill level 17 in Polearms
  6182 | D:7      | Found Qidiung's Armour Shoppe.
  6389 | D:7      | Found a staircase to the Ecumenical Temple.
  6415 | D:7      | Gained mutation: You occasionally lose the ability to drink
                  | potions when taking damage. [Ru sacrifice]
  6415 | D:7      | Gained mutation: You sometimes lose the ability to drink
                  | potions when taking damage. [Ru sacrifice]
  6415 | D:7      | Reached * piety under Ru
  6435 | Temple   | Entered the Ecumenical Temple
  6604 | D:8      | Reached XP level 10. HP: 69/80 MP: 10/10
  6620 | D:8      | Reached skill level 10 in Dodging
  6917 | D:8      | Noticed an elephant
  6930 | D:8      | Killed an elephant
  6931 | D:8      | Reached skill level 18 in Polearms
  6942 | D:8      | Noticed Joseph
  7050 | D:8      | Found a flagged portal.
  7069 | D:8      | HP: 4/81 [gnoll/+0 club[a gnoll sergeant] (4)]
  7075 | Bailey   | Entered a bailey
  7610 | Bailey   | Found the +0 pair of fencer's gloves {Riposte Dex+3}
  7720 | Bailey   | Noticed a gargoyle
  7734 | Bailey   | Killed a gargoyle
  7748 | Bailey   | Reached skill level 1 in Shields
  8008 | D:8      | Found a staircase to the Lair.
  8033 | D:8      | Killed Joseph
  8037 | D:8      | Reached skill level 1 in Armour
  8371 | Lair:1   | Entered Level 1 of the Lair of Beasts
  8371 | Lair:1   | Noticed a cane toad
  8378 | Lair:1   | Killed a cane toad
  8379 | Lair:1   | Reached skill level 19 in Polearms
  8379 | Lair:1   | Reached XP level 11. HP: 89/89 MP: 11/11
  8475 | Lair:1   | Found a white marble altar of Elyvilon.
  8604 | Lair:1   | Gained mutation: You cannot study or use magical devices.
                  | [Ru sacrifice]
  8604 | Lair:1   | Reached ** piety under Ru
  8604 | Lair:1   | Reached *** piety under Ru
  8705 | Lair:1   | Noticed a boulder beetle
  8725 | Lair:1   | Killed a boulder beetle
  9683 | Lair:2   | Noticed a six-headed hydra
  9688 | Lair:2   | Noticed a seven-headed hydra
  9696 | Lair:2   | Killed a 14-headed hydra
  9703 | Lair:2   | Killed an 11-headed hydra
  9707 | Lair:2   | Reached skill level 10 in Fighting
  9741 | Lair:2   | Reached skill level 20 in Polearms
  9919 | Lair:2   | Found a staircase to the Swamp.
  9955 | Lair:2   | Noticed a death yak
  9955 | Lair:2   | Noticed a death yak
  9955 | Lair:2   | Noticed a death yak
  9955 | Lair:2   | Noticed a death yak
  9976 | Lair:2   | Noticed a death yak
  9977 | Lair:2   | Noticed a death yak
 10072 | Lair:2   | Killed a death yak
 10080 | Lair:2   | Killed a death yak
 10096 | Lair:2   | Killed a death yak
 10097 | Lair:2   | Reached XP level 12. HP: 98/98 MP: 12/12
 10103 | Lair:2   | Killed a death yak
 10105 | Lair:2   | Killed a death yak
 10109 | Lair:2   | Killed a death yak
 10433 | Lair:2   | Noticed Nergalle
 10448 | Lair:2   | Killed Nergalle
 10916 | Lair:2   | Reached skill level 21 in Polearms
 11066 | Lair:3   | Gained mutation: You are slightly weak-willed. (Will-) [Ru
                  | sacrifice]
 11066 | Lair:3   | Reached **** piety under Ru
 11066 | Lair:3   | Reached ***** piety under Ru
 11110 | Lair:2   | Succumbed to a cane toad's poison

Illustrated notes

Levels and vault maps discovered:
D:1:      minmay_arrival_loop, layout_loops_ring, minmay_misc_feat_chi,
          fountainhead
D:2:      layout_loops_cross, basic_altar, minmay_small_reverse_x
D:3:      minmay_general_purpose_star, layout_loops_corners,
          lightli_temple_of_fire
D:4:      layout_layer_cave, mainiacjoe_overflow_six_doors_small
D:5:      layout_loops_ring, chequers_temple_overflow_statue_of_worship,
          uniq_pikel
D:6:      layout_basic, mainiacjoe_overflow_alcove_2, serial_shops, shop,
          nicolae_shop_bloodbath_and_beyond, nicolae_lakefront_shop,
          nicolae_shop_statue_plus, kennysheep_crisscross,
          chequers_serial_rivers_large_b, uniq_eustachio, uniq_blork_the_orc
D:7:      layout_loops_ring, mainiacjoe_overflow_tiny_flanked,
          minmay_temple_entry_junction, serial_shops,
          nicolae_shop_advertising_works [nicolae_subvault_shop_adworks],
          hex_large
D:8:      layout_basic, david_lair_generic, enter_bailey_2,
          nicolae_figureground_pulse, uniq_joseph
Temple:   minmay_temple_bridge_abc
Lair:1:   layout_cave_pods, basic_altar, serial_bayou_shore_a,
          infiniplex_staircase_pool_2
Lair:2:   layout_small_grid, palyth_hydra_swamp_entry, uniq_nergalle
Lair:3:   layout_regular_city, minmay_snake_entry_six_corridors, st_stairs_9,
          grunt_megastairs_1

Skill      XL: |  1  2  3  4  5  6  7  8  9 10 11 12 |
---------------+-------------------------------------+-----
Polearms       | 5 7 8 9 11 14 17 19 20 21 | 21.3
Fighting       | 3 4 5 6 7 9 10 11 | 11.2
Dodging        | 5 6 7 8 9 11 12 13 | 13.5
Shields        | 1 |  1.1
Armour         | 1 3 4 |  4.7
Throwing       | |  2.0

Action                   |  1- 3 |  4- 6 |  7- 9 | 10-12 || total
-------------------------+-------+-------+-------+-------++-------
Melee: Trident           |    96 |    16 |       |       ||   112
       Spear             |       |    84 |   292 |   208 ||   584
       Punch             |       |     1 |     1 |       ||     2
       Glaive            |       |       |       |   379 ||   379
       Tailslap          |       |       |       |    11 ||    11
Invok: Sacrifice Drink   |       |       |     1 |       ||     1
       Sacrifice Artific |       |       |       |     1 ||     1
       Power Leap        |       |       |       |     1 ||     1
       Sacrifice Essence |       |       |       |     1 ||     1
  Use: Scroll            |       |     8 |     5 |     4 ||    17
 Stab: Sleeping          |     6 |     2 |     2 |       ||    10
       Distracted        |       |       |     1 |     3 ||     4
Armor: Leather armour    |    17 |    12 |    33 |    35 ||    97
       Plate armour      |       |       |       |   190 ||   190
Dodge: Dodged            |    56 |    31 |   128 |   381 ||   596
Block: Kite shield       |       |       |    64 |    77 ||   141
       Rpst.: Glaive     |       |       |       |    57 ||    57
       Spear             |       |       |       |     4 ||     4

Table legend: (Time is in decaauts)
 A = Elapsed time spent in this place.
 B = Non-inter-level travel time spent in this place.
 C = Inter-level travel time spent in this place.
 D = Time resting spent in this place.
 E = Time spent auto-exploring this place.
 F = Levels seen in this place.
 G = Mean time per level.
                   A        B        C        D        E       F      G
               +--------+--------+--------+--------+--------+-----+--------+
         Total |  10932 |  10623 |    309 |   1177 |   7393 |  13 |  840.9 |
       Dungeon |   7290 |   7022 |    268 |    468 |   5348 |   8 |  911.2 |
        Temple |     79 |     71 |      8 |      0 |     64 |   1 |   79.0 |
          Lair |   2785 |   2753 |     32 |    462 |   1772 |   3 |  928.3 |
        Bailey |    776 |    776 |      0 |    247 |    208 |   1 |  776.0 |
               +--------+--------+--------+--------+--------+-----+--------+

Top non-repeatable levels by time:
  Lair:2: 1461 daAuts
  Lair:1: 1140 daAuts
     D:4: 1070 daAuts
     D:7: 974 daAuts
     D:8: 974 daAuts
     D:3: 967 daAuts
     D:2: 860 daAuts
     D:6: 833 daAuts
     D:5: 826 daAuts
     D:1: 783 daAuts
  Bailey: 776 daAuts
  Lair:3: 183 daAuts
  Temple: 79 daAuts
